 Dungeon Crawl Stone Soup version 0.30-a0-373-gd37427bb62 (webtiles) character file.

Game seed: 3937200734442724577

541 garrulousMonolith the Ruffian (level 7, -3/100 HPs)
             Began as a Troll Berserker on Nov 24, 2022.
             Was a Priest of Trog.
             Slain by a gnoll
             ... wielding a +0 whip
             ... led by a gnoll bouda
              (4 damage)
             ... on level 4 of the Dungeon.
             The game lasted 00:05:06 (2440 turns).

garrulousMonolith the Ruffian (Troll Berserker)     Turns: 2440, Time: 00:05:07

Health: -3/100     AC:  4    Str: 26    XL:     7   Next: 5%
Magic:  6/6        EV: 10    Int:  5    God:    Trog [***...]
Gold:   180        SH:  0    Dex:  9    Spells: 6/6 levels left

rFire   . . .      SeeInvis .      - Unarmed
rCold   . . .      Faith    .    (no shield)
rNeg    . . .      Spirit   .    a - +0 animal skin
rPois   .          Reflect  .    (helmet restricted)
rElec   .          Harm     .    (no cloak)
rCorr   .          Rampage  .    (gloves unavailable)
Will    ++...                    (boots unavailable)
Stlth   ..........               (no amulet)
HPRegen 2.16/turn                (no ring)
MPRegen 0.10/turn                (no ring)

@: berserking (expiring), strong-willed (expiring), regenerating (expiring),
very quick
A: large, unfitting armour, claws 3, regeneration 1, shaggy fur 1, tough skin 1
a: Renounce Religion, Berserk, Trog's Hand


You were on level 4 of the Dungeon.
You worshipped Trog.
Trog was most pleased with you.
You visited 1 branch of the dungeon, and saw 4 of its levels.

You collected 180 gold pieces.

Inventory:

Missiles
 i - 2 large rocks (quivered)
 n - 4 javelins
Armour
 a - a +0 animal skin (worn)
 r - a +0 tower shield
Jewellery
 u - a +6 ring of intelligence
Wands
 w - a wand of flame (10)
Scrolls
 b - 4 scrolls of teleportation {unknown}
 c - a scroll of magic mapping {unknown}
 d - 8 scrolls of identify
 g - a scroll of fog {unknown}
 k - a scroll of enchant armour {unknown}
 o - a scroll of fear {unknown}
 q - a scroll of silence {unknown}
 s - a scroll of noise {unknown}
 y - a scroll of immolation {unknown}
 z - a scroll of poison {unknown}
Potions
 e - 2 potions of lignification {unknown}
 f - 2 potions of curing
 h - a potion of mutation {unknown}
 j - 2 potions of magic {unknown}
 l - a potion of flight {unknown}
 m - 3 potions of degeneration {unknown}
 p - a potion of invisibility {unknown}
 t - 2 potions of cancellation {unknown}
 v - a potion of attraction {unknown}
 x - a potion of ambrosia {unknown}
 A - a potion of heal wounds {unknown}


   Skills:
 + Level 3.4 Fighting
 + Level 2.2 Throwing
 + Level 3.6 Dodging
 + Level 1.9 Shields
 * Level 5.5 Unarmed Combat


You had 6 spell levels left.
You didn't know any spells.
Your spell library was empty.

Dungeon Overview and Level Annotations

Branches:
Dungeon (4/15)
 Temple: D:4-7

Altars:

Shops:
D:2 (


Innate Abilities, Weirdness & Mutations

You are too large for most types of armour.
You have claws for hands.
Your natural rate of healing is unusually fast.
You are covered in fur. (AC +1)
You have tough skin. (AC +1)


Message History

You barely miss the hound.
The hound is moderately wounded.
The gnoll closely misses you.
You scratch the hound.
The hound is severely wounded.
You hear the rusting of a drain nearby.
The hound bites you.
* * * LOW HITPOINT WARNING * * *
The hound bites you.
* * * LOW HITPOINT WARNING * * *
The gnoll hits you with a +0 club.
* * * LOW HITPOINT WARNING * * *
The gnoll hits you with a +0 whip.
* * * LOW HITPOINT WARNING * * *
You mangle the hound!!
You kill the hound!
Trog accepts your kill. The hound bites you.
* * * LOW HITPOINT WARNING * * *
The gnoll closely misses you.
Your attacks no longer feel as feeble.
The hound bites you.
* * * LOW HITPOINT WARNING * * *
The gnoll hits you with a +0 club.
* * * LOW HITPOINT WARNING * * *
The gnoll barely misses you.
You closely miss the gnoll. The hound closely misses you.
The gnoll closely misses you. The gnoll hits you with a +0 whip.
* * * LOW HITPOINT WARNING * * *
The gnoll barely misses you.
You barely miss the gnoll. The hound bites you.
* * * LOW HITPOINT WARNING * * *
The gnoll hits you with a +0 whip.
* * * LOW HITPOINT WARNING * * *
You scratch the gnoll.
The gnoll is moderately wounded.
The hound bites you.
* * * LOW HITPOINT WARNING * * *
The gnoll hits you with a +0 whip.
You die...

.#...#...#...# .
... #...#.........
...
#.......####...
...>###..##...#
...
........$##...##
..
.....##..##....#.
#.......#.......
##....g†g.........
#......@g.........
#.......h..).....
##.#.........!...
###.............
##....>.......
###....).....
#..........
##.......


You could see a hound and 3 gnolls.

Vanquished Creatures
  Eustachio (D:4)
  A necrophage (D:4)
  A gnoll bouda (D:4)
  An orc priest (D:3)
  A hound (D:4)
  Ijyb (D:3)
  Natasha (D:4)
  2 orc wizards (D:3)
  A gnoll (D:4)
  3 adders
  A shadow imp (D:4)
  4 worms
  A dart slug (D:2)
  10 orcs
  6 ball pythons
  7 bats
  4 endoplasms
  4 giant cockroaches
  11 goblins
  10 hobgoblins
  4 quokkas
  3 frilled lizards
  12 kobolds
  4 rats
94 creatures vanquished.

Notes
Turn   | Place    | Note
-------+----------+-------------------------------------------
     0 | D:1      | garrulousMonolith the Troll Berserker began the quest for
                  | the Orb.
     0 | D:1      | Reached XP level 1. HP: 22/22 MP: 0/0
   223 | D:1      | Reached XP level 2. HP: 29/29 MP: 1/1
   919 | D:2      | Reached ** piety under Trog
  1027 | D:2      | Found Weenuit's Weapon Emporium.
  1108 | D:2      | Reached XP level 3. HP: 30/36 MP: 2/2
  1164 | D:2      | Found a faded altar of an unknown god.
  1618 | D:3      | Reached skill level 4 in Unarmed Combat
  1636 | D:3      | Reached XP level 4. HP: 42/44 MP: 3/3
  1705 | D:3      | Reached skill level 1 in Throwing
  1877 | D:3      | Reached XP level 5. HP: 45/53 MP: 4/4
  1964 | D:3      | Identified the +0 scale mail of Togilly {Slay+3}
  1984 | D:3      | Noticed Ijyb
  1996 | D:3      | Killed Ijyb
  1997 | D:3      | Reached skill level 1 in Shields
  2215 | D:3      | Reached *** piety under Trog
  2235 | D:4      | Noticed Eustachio
  2250 | D:4      | Killed Eustachio
  2251 | D:4      | Reached skill level 5 in Unarmed Combat
  2251 | D:4      | Reached XP level 6. HP: 58/61 MP: 5/5
  2333 | D:4      | Noticed Natasha
  2350 | D:4      | Killed Natasha
  2433 | D:4      | Reached XP level 7. HP: 23/67 MP: 6/6
  2439 | D:4      | HP: 4/100 [gnoll/+0 whip[a gnoll bouda] (2)]
  2440 | D:4      | HP: 1/100 [hound (4)]
  2440 | D:4      | Slain by a gnoll

Illustrated notes

Levels and vault maps discovered:
D:1:      elethiomel_arrival_infinity_welcomes_careful_drivers, layout_basic,
          serial_park_tiny_pond, nicolae_eternal_life
D:2:      layout_basic, hellmonk_ecumenical_altar_pennies_from_heaven,
          serial_shops, shop, minmay_goblin_kobold_house
D:3:      layout_rooms, st_stairs_8, minmay_pentomino_pile, uniq_ijyb
D:4:      layout_cave_pools, gup_sewer_entry_spiral, uniq_eustachio,
          uniq_natasha

Skill      XL: |  1  2  3  4  5  6 |
---------------+-------------------+-----
Unarmed Combat | 4 5 |  5.5
Throwing       | 1 2 |  2.2
Dodging        | 3 |  3.6
Fighting       | 3 |  3.4
Shields        | 1 |  1.9

Action                   |  1- 3 |  4- 6 |  7- 9 || total
-------------------------+-------+-------+-------++-------
Melee: Unarmed           |   123 |   146 |     7 ||   276
       Punch             |       |     1 |       ||     1
Invok: Berserk           |       |     4 |       ||     4
       Trog's Hand       |       |     4 |       ||     4
  Use: Scroll            |     1 |       |       ||     1
       Potion            |       |     2 |       ||     2
Armor: Animal skin       |    49 |    42 |     1 ||    92
Dodge: Dodged            |    55 |    84 |     9 ||   148
Block: Tower shield      |       |     4 |       ||     4

Table legend: (Time is in decaauts)
 A = Elapsed time spent in this place.
 B = Non-inter-level travel time spent in this place.
 C = Inter-level travel time spent in this place.
 D = Time resting spent in this place.
 E = Time spent auto-exploring this place.
 F = Levels seen in this place.
 G = Mean time per level.
                   A        B        C        D        E       F      G
               +--------+--------+--------+--------+--------+-----+--------+
         Total |   2454 |   2381 |     73 |     65 |   1743 |   4 |  613.5 |
       Dungeon |   2454 |   2381 |     73 |     65 |   1743 |   4 |  613.5 |
               +--------+--------+--------+--------+--------+-----+--------+

Top non-repeatable levels by time:
     D:1: 888 daAuts
     D:2: 712 daAuts
     D:3: 648 daAuts
     D:4: 204 daAuts
